Map: Zen LE

Players

kcusi

  • Race: Terran Terran
  • Spawn Location: 7:00

antagomiR - Winner!

  • Race: Protoss Protoss
  • League: Gold
  • Spawn Location: 1:00

VOD

Have the link to the VOD?

Description

Time

  • Played on: April 5, 2020, 3:17 p.m.
  • Length: 21:22
Show
View Real Time Build Order
Export as new Build Order

kcusi Terran 

Build Orders:  

Get SALT Encoding   

  12  0:01  SCV  
  13  0:17  SCV  
  13  0:19  Supply Depot  
  14  0:28  Refinery  
  14  0:31  SCV  
  15  0:43  SCV  
  16  1:03  Barracks  
  17  1:07  Barracks  
  17  1:09  SCV  
  17  1:21  SCV  
  18  1:33  SCV  
  19  1:45  SCV  
  20  1:55  Reaper x2  
  22  2:02  SCV, Supply Depot  
  23  2:27  Reaper, Command Center  
  23  2:29  SCV, Refinery  
  25  2:41  SCV  
  26  2:47  Reaper  
  26  2:54  Orbital Command  
  26  3:07  Reaper  
  26  3:30  SCV  
  28  3:40  Refinery  
  27  3:46  Marine  
  27  3:47  Marine  
  27  3:54  Factory x2  
  27  3:55  SCV  
  28  4:04  Marine  
  28  4:06  SCV  
  28  4:07  SCV  
  31  4:18  SCV  
  31  4:19  SCV  
  33  4:30  SCV  
  35  4:31  SCV  
  35  4:37  Factory Tech Lab  
  35  4:38  Factory Tech Lab  
  35  4:42  SCV  
  35  4:43  SCV  
  36  4:54  SCV  
  37  5:00  Starport  
  37  5:01  Siege Tank  
  37  5:06  SCV x2  
  42  5:09  Engineering Bay  
  42  5:11  Refinery  
  42  5:18  SCV  
  43  5:26  Siege Tank  
  43  5:27  Command Center  
  46  5:52  Engineering Bay  
  46  6:00  Supply Depot  
  46  6:06  Missile Turret  
  46  6:09  Missile Turret  
  46  6:15  Missile Turret  
  46  6:21  Marine x2, Liberator  
  46  6:22  Siege Tank  
  46  6:24  Supply Depot  
  54  6:38  SCV  
  54  6:39  Marine x2  
  57  6:45  Missile Turret  
  57  6:50  SCV, Missile Turret  
  58  6:57  Marine x2  
  60  7:02  SCV  
  60  7:06  Engineering Bay  
  60  7:07  Siege Tank  
  60  7:08  Siege Tank  
  67  7:09  Starport Reactor  
  67  7:13  Supply Depot  
  67  7:15  SCV  
  68  7:18  Terran Infantry Weapons Level 1  
  68  7:25  Barracks Tech Lab  
  68  7:27  SCV  
  69  7:30  Planetary Fortress  
  69  7:35  Refinery  
  69  7:37  Refinery  
  69  7:39  SCV  
  69  7:40  Terran Infantry Armor Level 1  
  70  7:46  Armory  
  70  7:51  SCV  
  71  7:52  Marine  
  71  7:53  Marine  
  73  8:02  Missile Turret  
  73  8:03  SCV  
  74  8:06  SCV, Missile Turret  
  74  8:10  Marine  
  76  8:13  Siege Tank  
  76  8:15  SCV  
  76  8:17  Siege Tank  
  76  8:19  SCV  
  84  8:28  Orbital Command  
  84  8:31  SCV  
  85  8:47  Supply Depot  
  85  8:48  Supply Depot  
  85  9:08  Factory  
  85  9:09  SCV  
  86  9:21  SCV  
  87  9:25  Widow Mine x2  
  87  9:26  Drilling Claws  
  87  9:27  Missile Turret  
  87  9:28  Viking x2  
  95  9:33  SCV  
  95  9:36  Missile Turret x2  
  96  9:39  Supply Depot  
  96  9:45  SCV  
  97  9:54  Armory  
  97  9:55  Factory Reactor  
  97  9:57  SCV, Viking  
  100  10:00  Marauder  
  100  10:02  Supply Depot  
  102  10:12  SCV, Missile Turret, Sensor Tower  
  103  10:17  Terran Vehicle Weapons Level 1  
  103  10:22  Command Center  
  103  10:24  SCV  
  104  10:29  Widow Mine  
  104  10:30  Widow Mine  
  104  10:35  Widow Mine x2  
  112  10:51  Widow Mine x2  
  116  11:14  Supply Depot, Starport  
  116  11:16  Terran Vehicle And Ship Armor Level 1  
  116  11:23  Supply Depot  
  116  11:24  Hi-Sec Auto Tracking  
  116  11:25  Neosteel Armor  
  116  11:33  Viking x2, Widow Mine x2  
  116  11:35  Refinery  
  116  11:36  Widow Mine x2  
  128  12:03  Viking x2  
  132  12:11  Terran Ship Weapons Level 1  
  129  12:30  Siege Tank x2  
  112  12:58  Widow Mine  
  112  12:59  Widow Mine, Marine x2  
  112  13:00  Viking x2  
  120  13:16  Widow Mine x2  
  108  13:37  Siege Tank x2  
  108  13:38  Marine  
  108  13:39  Viking x2, Marine  
  112  14:09  Viking x2, Siege Tank x2  
  121  14:14  Widow Mine  
  121  14:15  Marine x2  
  125  14:24  Refinery  
  125  14:25  Refinery  
  125  14:31  Command Center  
  125  14:32  Marine  
  125  14:33  Marine  
  127  14:39  Viking x2  
  127  14:41  Siege Tank x2  
  137  14:50  Marine x2  
  118  15:13  Siege Tank x2  
  103  15:18  Widow Mine  
  105  15:27  Orbital Command  
  105  15:31  Widow Mine  
  107  15:38  Marine x2  
  109  15:45  Siege Tank x2  
  115  15:50  Factory  
  115  15:53  Factory  
  115  15:56  Marine x2  
  117  16:17  Siege Tank x2  
  123  16:21  Widow Mine x2  
  123  16:37  Refinery  
  117  17:02  Viking x2  
  117  17:03  Factory Tech Lab x2  
  108  17:24  Widow Mine x2  
  108  17:26  Marine x2  
  83  17:31  Viking  
  83  17:33  Widow Mine x2  
  87  17:43  Marine  
  87  17:44  Marine  
  87  17:57  Widow Mine x2  
  87  17:58  Widow Mine, Siege Tank x3  
  90  18:18  Widow Mine  
  90  18:19  Widow Mine, Siege Tank  
  96  18:30  Siege Tank x3  
  105  18:34  Command Center  
  100  18:57  Widow Mine x2  
  100  18:59  Orbital Command  
  104  19:15  Widow Mine x3  
  104  19:16  Thor  
  116  19:18  Liberator x2  
  117  19:48  Refinery  
  114  20:09  Widow Mine x2  
  112  20:22  Reaper  
  112  20:25  Widow Mine x3  
  109  20:38  Viking  
  109  20:39  Viking  
Show
View Real Time Build Order
Export as new Build Order

antagomiR Protoss - Winner!

Build Orders: Archon Immortal, Carriers 

Get SALT Encoding   

  12  0:01  Probe  
  13  0:13  Probe  
  14  0:18  Pylon  
  14  0:25  Probe  
  15  0:37  Gateway  
  15  0:40  Probe (Chrono Boost)  
  17  0:51  Probe (Chrono Boost)  
  17  0:55  Assimilator  
  17  0:56  Probe (Chrono Boost)  
  18  1:07  Assimilator  
  18  1:09  Probe  
  19  1:21  Probe  
  20  1:26  Cybernetics Core  
  20  1:37  Probe  
  21  1:44  Pylon  
  21  1:49  Probe  
  22  2:00  Adept (Chrono Boost)  
  22  2:01  Probe  
  22  2:05  Warp Gate (Chrono Boost)  
  25  2:14  Probe  
  26  2:25  Gateway x2  
  26  2:32  Adept  
  26  2:34  Probe  
  29  2:39  Pylon  
  29  2:45  Robotics Facility  
  29  2:46  Probe  
  29  2:59  Probe  
  29  3:01  Stalker  
  32  3:11  Probe  
  33  3:19  Nexus  
  32  3:44  Probe  
  32  3:45  Pylon  
  32  3:48  Sentry x2  
  35  3:49  Sentry  
  39  4:03  Probe  
  39  4:04  Shield Battery, Observer  
  41  4:15  Probe  
  42  4:25  Immortal  
  42  4:26  Pylon  
  42  4:27  Probe  
  42  4:31  Twilight Council  
  47  4:39  Stalker  
  47  4:40  Probe, Zealot  
  52  4:54  Probe x2  
  54  5:06  Probe  
  54  5:07  Probe, Forge  
  56  5:17  Assimilator  
  56  5:18  Sentry  
  56  5:19  Probe, Sentry  
  61  5:34  Charge, Observer  
  62  5:36  Probe  
  62  5:37  Probe  
  64  5:44  Assimilator  
  64  5:47  Pylon  
  64  5:49  Probe x2  
  66  6:01  Stalker  
  68  6:08  Probe x2  
  70  6:13  Photon Cannon  
  70  6:16  Immortal  
  70  6:17  Shield Battery  
  74  6:20  Probe x2  
  76  6:32  Probe  
  77  6:48  Protoss Ground Weapons Level 1 (Chrono Boost)  
  77  6:51  Gateway  
  77  6:52  Gateway  
  77  6:54  Gateway  
  77  6:56  Pylon, Gateway  
  77  6:59  Pylon  
  77  7:03  Templar Archives  
  77  7:05  Probe  
  78  7:12  Photon Cannon  
  78  7:14  Probe  
  79  7:16  Photon Cannon  
  79  7:18  Probe, Zealot x3  
  79  7:22  Immortal  
  90  7:42  Pylon, Nexus  
  90  7:44  Pylon  
  90  7:50  Phoenix  
  90  7:51  High Templar x2  
  94  8:00  Probe x2  
  94  8:02  Immortal  
  100  8:06  Zealot x2  
  100  8:10  Archon  
  104  8:13  Probe x2  
  106  8:26  Probe x2  
  108  8:29  Shield Battery  
  108  8:30  Shield Battery  
  108  8:38  Probe x2  
  110  8:46  Pylon  
  110  8:48  Pylon  
  110  8:50  Gateway  
  110  8:51  Gateway  
  110  8:53  Probe x2  
  112  9:05  Probe x3  
  115  9:17  Probe x3, Assimilator  
  115  9:20  Assimilator  
  118  9:24  Photon Cannon  
  118  9:26  Photon Cannon  
  118  9:29  Probe, Photon Cannon  
  118  9:30  Probe x2  
  121  9:41  Probe, High Templar  
  121  9:42  Probe x2, High Templar x3  
  121  9:43  High Templar x3  
  138  9:46  Archon x2  
  138  9:47  Archon  
  138  9:50  High Templar  
  138  9:52  High Templar  
  141  9:54  Archon  
  141  10:14  Protoss Ground Weapons Level 2 (Chrono Boost)  
  141  10:43  Pylon  
  141  10:44  Pylon  
  141  10:45  Pylon  
  141  10:47  Pylon  
  141  10:48  Pylon  
  141  10:52  Probe  
  141  11:01  Probe x2, Immortal, Stargate  
  141  11:04  Stargate  
  147  11:07  Stargate  
  147  11:10  Stalker x3  
  147  11:11  Stalker x2  
  155  11:12  Stalker x2  
  161  11:41  Immortal  
  165  11:49  Fleet Beacon  
  134  12:19  Warp Prism  
  136  12:23  High Templar  
  136  12:24  High Templar x3  
  136  12:25  High Templar x2  
  136  12:28  Archon, Zealot  
  136  12:29  Zealot x2  
  154  12:31  Archon x2  
  133  12:56  Immortal  
  127  13:02  Nexus  
  127  13:04  Pylon  
  127  13:06  Pylon  
  127  13:18  Zealot x5  
  127  13:19  Zealot x3  
  143  13:20  Zealot  
  117  13:35  Immortal  
  117  13:38  Zealot  
  117  13:39  Zealot x4  
  117  13:40  Zealot x4  
  139  13:47  Shield Battery  
  139  13:48  Shield Battery  
  139  13:53  Photon Cannon x2  
  139  13:55  Photon Cannon  
  109  14:10  High Templar x3  
  109  14:11  High Templar x3  
  109  14:12  High Templar x3  
  109  14:14  Archon, Observer  
  109  14:15  Archon x2  
  109  14:16  Archon  
  128  14:30  Probe x4  
  132  14:35  Immortal  
  136  14:41  Assimilator  
  136  14:42  Probe x2  
  138  14:46  Assimilator  
  138  14:50  Pylon  
  123  14:54  Zealot x2  
  123  14:55  Zealot x4  
  123  14:56  Zealot  
  120  15:19  Observer  
  115  15:29  High Templar x4  
  115  15:30  High Templar x2  
  115  15:33  Archon x2  
  115  15:34  Archon  
  127  15:38  Carrier  
  127  15:41  Immortal  
  137  15:50  Probe x2  
  137  15:51  Probe x2  
  141  15:59  High Templar x3  
  144  16:10  Archon  
  142  16:20  Immortal  
  145  16:28  Probe x2  
  148  16:37  Zealot x2  
  148  16:38  Zealot x5  
  148  16:39  Zealot  
  163  16:45  Carrier x2  
  171  16:59  Observer  
  170  17:14  Zealot x2  
  170  17:15  Zealot x3  
  176  17:16  Zealot  
  158  17:39  Zealot x2  
  158  17:40  Zealot  
  164  17:49  Carrier  
  164  17:50  Carrier  
  176  17:55  Zealot  
  176  17:56  Zealot x2  
  176  17:57  Zealot x2  
  184  18:23  Zealot x2  
  184  18:24  Zealot x2  
  184  18:25  Zealot  
  184  18:47  Carrier (Chrono Boost)  
  176  18:51  Carrier (Chrono Boost)  
  186  19:44  Carrier  
  192  19:48  Carrier  
  197  20:09  Zealot  
Tags
 
League
Gold
Matchup
PvT
Replay Pack
20200422
Spawn Locations
Cross Positions
Add a new tag
Caveats
  • Supply blocks, unpowered buildings, or Contaminate may cause inaccurate times.
  • Supply counts are checked every 10 seconds.